Map: Ephemeron LE

Players

schtig - Winner!

  • Race: Zerg Zerg
  • League: Diamond
  • Spawn Location: 5:00

Mez

  • Race: Terran Terran
  • League: Master
  • Spawn Location: 11:00

VOD

Have the link to the VOD?

Description

Time

  • Played on: Aug. 23, 2019, 4:43 p.m.
  • Length: 16:33
Show
View Real Time Build Order
Export as new Build Order

schtig Zerg - Winner!

Build Orders: Pool First, Muta Ling Bane 

Get SALT Encoding   

  12  0:01  Drone  
  13  0:14  Overlord  
  13  0:17  Drone  
  14  0:34  Drone x2  
  16  0:37  Drone  
  17  0:48  Spawning Pool, Drone  
  17  1:09  Hatchery  
  16  1:11  Drone  
  17  1:35  Zergling x2  
  17  1:36  Hatchery  
  17  1:43  Queen  
  20  1:47  Drone  
  20  1:54  Overlord  
  20  2:01  Extractor  
  20  2:02  Drone x2  
  21  2:09  Drone  
  22  2:21  Queen  
  24  2:26  Drone x2  
  26  2:34  Drone x2  
  28  2:42  Drone  
  28  2:44  Drone  
  29  2:49  Drone  
  29  2:51  Queen  
  32  2:55  Drone  
  32  2:56  Drone x2  
  35  3:02  Drone x2  
  35  3:03  Drone  
  38  3:07  Metabolic Boost  
  38  3:11  Drone  
  38  3:12  Drone  
  40  3:14  Extractor  
  40  3:19  Overlord  
  39  3:24  Baneling Nest  
  38  3:28  Drone x2  
  38  3:29  Evolution Chamber  
  39  3:36  Drone x3  
  42  3:43  Drone x4  
  42  3:44  Drone  
  42  3:47  Overlord  
  47  3:53  Zergling x2  
  47  3:55  Zergling x4  
  50  3:57  Zerg Melee Weapons Level 1  
  50  4:04  Overlord  
  50  4:11  Zergling x6  
  53  4:20  Zergling x6  
  53  4:21  Baneling x2  
  56  4:24  Lair  
  55  4:34  Drone x3  
  57  4:41  Overlord x2  
  57  4:47  Overlord  
  57  4:49  Extractor  
  57  4:51  Drone  
  57  4:52  Spore Crawler  
  56  4:55  Spore Crawler  
  55  5:00  Drone x2  
  55  5:01  Drone x2  
  55  5:04  Spore Crawler  
  55  5:05  Drone  
  57  5:08  Drone  
  57  5:11  Drone  
  56  5:18  Queen  
  57  5:21  Drone  
  57  5:22  Drone x2  
  60  5:32  Centrifical Hooks  
  60  5:34  Zergling x2  
  60  5:35  Zergling x6  
  64  5:36  Spire  
  64  5:38  Queen  
  66  5:42  Zergling x2  
  66  5:43  Zergling x8, Hatchery  
  66  5:47  Overseer  
  69  5:52  Zergling x4  
  69  5:54  Hatchery  
  69  5:56  Zerg Ground Armor Level 1, Extractor  
  69  5:59  Overlord x2  
  69  6:00  Evolution Chamber  
  68  6:04  Drone  
  68  6:05  Extractor, Drone x3  
  68  6:06  Extractor  
  70  6:22  Zergling x4  
  70  6:23  Zergling x10  
  77  6:29  Drone  
  77  6:30  Drone x4  
  77  6:32  Drone x2  
  84  6:35  Zerg Melee Weapons Level 2  
  84  6:40  Zergling x2  
  84  6:41  Zergling x8  
  89  6:50  Zergling x6  
  85  6:58  Mutalisk x2  
  85  6:59  Mutalisk x3  
  94  7:02  Overlord  
  94  7:03  Overlord  
  94  7:14  Mutalisk x2  
  98  7:22  Zergling x6  
  101  7:26  Drone x3  
  104  7:33  Overlord x4  
  104  7:48  Drone x4  
  108  8:01  Zergling x14  
  108  8:02  Zergling x10, Spine Crawler  
  108  8:03  Spine Crawler  
  114  8:06  Spore Crawler  
  114  8:07  Zergling x4  
  114  8:08  Zergling x4  
  114  8:09  Zergling x8  
  106  8:15  Zergling x2  
  106  8:16  Zergling x6  
  106  8:23  Zergling x2  
  106  8:24  Zergling x4  
  109  8:31  Baneling  
  109  8:32  Baneling x12  
  109  8:36  Zerg Ground Armor Level 2  
  109  8:37  Infestation Pit  
  108  8:42  Zergling x2  
  108  8:43  Zergling x2  
  108  8:44  Overseer  
  110  8:50  Zergling x4  
  112  9:02  Zergling x6  
  115  9:03  Zergling x2  
  115  9:08  Corruptor x2  
  115  9:09  Corruptor x2  
  124  9:11  Zergling x6  
  127  9:18  Baneling x4  
  127  9:24  Zergling x4  
  108  9:39  Zergling x16  
  108  9:40  Zergling x2  
  108  9:41  Corruptor x3  
  118  9:47  Corruptor  
  116  9:55  Zergling x4  
  116  9:59  Hive  
  117  10:02  Pathogen Glands, Drone x2  
  117  10:03  Drone x2  
  119  10:20  Zergling x8  
  119  10:21  Zergling x8  
  127  10:24  Zergling x10  
  124  10:38  Infestor x3  
  121  10:42  Zergling x2  
  121  10:43  Zergling x14  
  121  10:44  Zergling x2  
  123  10:51  Baneling x2  
  123  10:57  Zergling x6  
  125  10:59  Overlord x4  
  124  11:15  Adrenal Glands  
  124  11:16  Ultralisk Cavern  
  123  11:18  Zerg Melee Weapons Level 3  
  123  11:19  Zerg Ground Armor Level 3  
  123  11:25  Burrow, Pneumatized Carapace  
  123  11:26  Zergling x2  
  123  11:27  Zergling x4  
  123  11:32  Zergling x8  
  130  11:34  Drone x2  
  132  11:51  Baneling  
  132  11:52  Baneling x3  
  132  11:59  Zergling x2  
  132  12:00  Zergling x4  
  122  12:05  Zergling x4  
  106  12:16  Zergling x12  
  106  12:17  Zergling x14  
  106  12:20  Drone x2  
  104  12:33  Ultralisk x4  
  128  12:44  Baneling x3  
  128  12:46  Chitinous Plating  
  128  12:49  Greater Spire  
  128  12:50  Drone x3  
  131  12:53  Overseer  
  131  12:55  Drone  
  131  12:56  Drone x4  
  127  13:17  Zergling x2  
  127  13:18  Zergling x22  
  123  13:24  Zergling x4  
  111  13:30  Zergling x2  
  111  13:31  Zergling x4  
  114  13:39  Infestor x3  
  122  13:41  Zergling x10  
  122  13:42  Zergling x2  
  126  13:57  Corruptor x4  
  126  14:00  Infestor x3  
  117  14:23  Zergling x4  
  117  14:24  Zergling x2  
  96  14:32  Ultralisk x5  
  96  14:33  Zergling x2  
  96  14:34  Zergling x14  
  96  14:35  Zergling x2  
  135  14:47  Baneling  
  135  14:48  Baneling x2  
  135  14:52  Zergling x20  
  145  14:53  Zergling x4  
  147  15:04  Brood Lord  
  149  15:21  Baneling x3  
  147  15:41  Corruptor  
  148  15:45  Drone  
  149  15:57  Baneling x2  
  149  15:58  Baneling  
  149  16:07  Hatchery  
  132  16:32  Hatchery  
Show
View Real Time Build Order
Export as new Build Order

Mez Terran 

Build Orders: Reaper Expand 

Get SALT Encoding   

  12  0:01  SCV  
  13  0:13  SCV  
  14  0:18  Supply Depot  
  14  0:25  SCV  
  15  0:39  SCV  
  15  0:41  Barracks  
  16  0:44  Refinery  
  16  0:51  SCV  
  17  1:04  SCV  
  18  1:16  SCV  
  19  1:29  Orbital Command, Reaper  
  20  1:41  Command Center  
  20  1:50  Supply Depot  
  20  1:56  SCV  
  21  2:01  Marine  
  22  2:13  Factory  
  22  2:14  SCV  
  22  2:15  Refinery  
  23  2:25  Barracks Reactor  
  23  2:40  SCV  
  24  2:52  SCV  
  25  3:09  Starport  
  25  3:10  Orbital Command, Hellion x2  
  25  3:11  SCV  
  25  3:12  Barracks Tech Lab  
  30  3:23  SCV  
  30  3:25  Supply Depot  
  31  3:35  SCV  
  31  3:36  SCV, Hellion x2  
  37  3:46  Viking  
  37  3:48  SCV x2  
  40  3:51  Stimpack  
  41  3:55  Marine  
  41  3:56  Supply Depot  
  41  4:00  SCV x2  
  44  4:12  SCV x2  
  44  4:16  Factory Reactor  
  46  4:21  Barracks  
  46  4:23  Barracks  
  47  4:24  SCV  
  47  4:26  SCV  
  47  4:29  Marine  
  47  4:30  Starport Reactor  
  49  4:36  SCV  
  50  4:39  SCV  
  50  4:43  Command Center  
  51  4:48  SCV  
  51  4:49  Marine  
  53  4:55  SCV  
  54  5:00  SCV  
  54  5:03  Factory Tech Lab  
  54  5:06  Engineering Bay  
  54  5:07  Engineering Bay  
  52  5:20  Marine x2  
  55  5:22  Medivac  
  55  5:23  Medivac  
  55  5:26  Marine  
  59  5:30  Refinery  
  59  5:31  Refinery  
  59  5:36  SCV x2  
  59  5:37  Marine  
  59  5:39  Combat Shield  
  59  5:41  Terran Infantry Armor Level 1, Terran Infantry Weapons Level 1  
  62  5:45  Supply Depot x2  
  62  5:47  Marine x4  
  66  5:57  Marine, Orbital Command  
  66  6:01  Supply Depot  
  67  6:06  Siege Tank  
  67  6:08  Marine  
  67  6:09  Marine x3  
  74  6:16  Marine  
  74  6:17  SCV x2  
  77  6:26  Marine, Barracks  
  77  6:28  Barracks  
  77  6:29  Supply Depot  
  78  6:36  Supply Depot  
  78  6:38  Marine  
  78  6:39  Marine x2  
  81  6:40  Supply Depot  
  81  6:41  Supply Depot  
  81  6:43  Siege Tank  
  77  6:57  Marine x5  
  77  6:59  SCV  
  77  7:00  Medivac x2  
  85  7:10  Orbital Command  
  85  7:11  SCV x2  
  85  7:15  Marine x3  
  88  7:18  Marine  
  88  7:21  Barracks Reactor x2  
  88  7:22  Siege Tank  
  94  7:23  SCV  
  95  7:36  SCV x3  
  98  7:38  Orbital Command  
  98  7:43  Missile Turret  
  96  7:45  Marine  
  96  7:46  Marine x4  
  96  7:48  Factory  
  102  7:52  Armory  
  102  7:54  Missile Turret  
  101  8:01  Missile Turret  
  101  8:02  SCV x2  
  101  8:03  Marine  
  101  8:04  Marine  
  103  8:09  Medivac x2  
  89  8:14  Marine x2, SCV  
  89  8:17  Marine  
  89  8:18  Marine  
  94  8:20  Marine x2  
  94  8:24  Widow Mine  
  98  8:29  SCV x3  
  101  8:35  Marine x6  
  101  8:38  Factory Reactor  
  101  8:40  Medivac x2  
  101  8:41  SCV, Terran Infantry Weapons Level 2  
  112  8:52  SCV  
  112  8:53  Marine x2, SCV x2  
  112  8:55  Widow Mine  
  119  8:56  Drilling Claws  
  119  8:59  Terran Infantry Armor Level 2  
  119  9:00  Terran Vehicle Weapons Level 1  
  119  9:04  Marine  
  119  9:05  Marine x5  
  119  9:07  Supply Depot  
  119  9:08  Supply Depot  
  119  9:09  Refinery  
  125  9:10  Refinery  
  125  9:19  Marine  
  125  9:20  Marine x2  
  125  9:22  Marine  
  129  9:27  Command Center  
  109  9:40  Marine  
  109  9:41  Marine x7  
  109  9:42  Thor  
  109  9:43  Widow Mine x2  
  83  9:45  Liberator x2  
  123  9:50  Marine  
  122  9:55  Barracks  
  122  9:56  Barracks x2  
  122  9:59  Marine  
  123  10:00  Marine x7  
  123  10:05  Supply Depot  
  136  10:08  Marine, Supply Depot, Widow Mine x2  
  138  10:31  Liberator x2  
  119  10:36  Marine x4  
  119  10:39  Marine x5  
  117  10:42  Widow Mine  
  117  10:43  Widow Mine x2  
  113  10:52  Barracks Tech Lab x3  
  113  10:53  Marine  
  113  10:54  Marine x3  
  117  10:58  Starport x2  
  117  11:00  Factory  
  109  11:07  Supply Depot  
  109  11:09  Marine x6  
  109  11:10  Marine, Supply Depot  
  116  11:11  Marine  
  116  11:12  Marine x2  
  116  11:16  Widow Mine x3  
  125  11:43  Marine x6  
  125  11:44  Marauder x4  
  122  12:03  Widow Mine x3  
  122  12:05  Marauder  
  112  12:10  Marine x8  
  112  12:11  Marine x3  
  122  12:16  Medivac x4  
  124  12:26  Marine  
  124  12:28  Marine x4  
  129  12:32  Marine x7  
  136  12:44  Marine  
  136  12:46  Marine x4  
  136  12:49  Widow Mine  
  136  12:50  Marine x4, Widow Mine x2  
  136  12:51  Marine x3  
  156  13:05  Marine  
  156  13:06  Marine x3, Marauder  
  156  13:08  Marine x2  
  156  13:09  Marauder  
  156  13:10  Liberator x2  
  146  13:16  Marine x4  
  138  13:23  Marine x4  
  138  13:25  Marine  
  141  13:42  Command Center  
  141  13:46  Widow Mine x2  
  141  13:47  Widow Mine  
  146  14:00  Marine x5  
  149  14:03  Liberator x3  
  149  14:04  Liberator  
  148  14:13  Marine x2, Marauder  
  148  14:14  Marauder x2  
  144  14:31  Marauder  
  142  14:32  Marine x5  
  142  14:35  Marauder  
  149  15:05  Orbital Command  
  149  15:10  Marine  
  149  15:11  Marauder  
  149  15:22  Liberator  
  149  15:23  Liberator x2  
  149  15:37  Medivac  
  149  15:38  Marine x2  
  149  15:39  Marauder x2  
  149  15:42  Marine x2, Marauder  
  149  15:47  Marine x2  
  149  15:49  Supply Depot  
  146  15:50  Supply Depot  
  146  15:51  Supply Depot  
Tags
 
Add a new tag
Caveats
  • Supply blocks, unpowered buildings, or Contaminate may cause inaccurate times.
  • Supply counts are checked every 10 seconds.